 Dungeon Crawl Stone Soup version 0.21.1-1-g345015f (webtiles) character file.

420 kae the Shield-Bearer (level 7, -4/82 HPs)
             Began as a Formicid Fighter on June 9, 2018.
             Was a Follower of Okawaru.
             Slain by an orc warrior
             ... wielding a +0 trident
              (7 damage)
             ... on level 4 of the Dungeon.
             The game lasted 00:02:08 (2915 turns).

kae the Shield-Bearer (Formicid Fighter)            Turns: 2915, Time: 00:02:09

Health: -4/82      AC: 23    Str: 22    XL:     7   Next: 16%
Magic:  8/8        EV:  2    Int:  8    God:    Okawaru [*.....]
Gold:   209        SH: 11    Dex: 10    Spells: 6/6 levels left

rFire    . . .     SeeInvis .   a - +0 flail
rCold    . . .     Gourm    .   c - +1 shield
rNeg     + + +     Faith    .   (armour currently unavailable)
rPois    +         Spirit   .   (helmet unavailable)
rElec    .         Reflect  .   (cloak currently unavailable)
rCorr    .         Harm     .   (gloves currently unavailable)
MR       .....                  (boots currently unavailable)
Stlth    +.........             (no amulet)
HPRegen  0.23/turn              k - ring of flight
MPRegen  0.11/turn              (no ring)

@: tree-form (expiring)
A: permanent stasis, dig shafts and tunnels, four strong arms
a: Heroism, Renounce Religion


You were on level 4 of the Dungeon.
You worshipped Okawaru.
Okawaru was aware of your devotion.
You were not hungry.
You were a tree.
You visited 1 branch of the dungeon, and saw 4 of its levels.

You collected 209 gold pieces.

Inventory:

Hand Weapons
 a - a +0 flail (weapon)
Armour
 b - a +1 scale mail (melded)
 c - a +1 shield (worn)
Jewellery
 k - a ring of flight (left branch)
Wands
 m - a wand of polymorph (3)
Scrolls
 e - a scroll of teleportation {unknown}
 g - a scroll of magic mapping
 h - a scroll of identify
 n - 2 scrolls of remove curse {unknown}
 p - 2 scrolls of immolation {unknown}
 q - a scroll of enchant weapon {unknown}
Potions
 d - 3 potions of might
Comestibles
 f - 6 rations
 i - 5 chunks of flesh


   Skills:
 + Level 4.6 Fighting
 * Level 4.5 Maces & Flails
 + Level 4.5 Armour
 + Level 5.0 Shields
 + Level 2.5 Invocations


You had 6 spell levels left.
You didn't know any spells.

Dungeon Overview and Level Annotations

Branches:
Dungeon (4/15)
 Temple: D:4-7

Altars:
Dithmenos
Okawaru
Yredelemnul


Innate Abilities, Weirdness & Mutations

You cannot be hasted, slowed, berserked, paralysed or teleported.
You can dig through walls and to a lower floor.
Your four strong arms can wield two-handed weapons with a shield.
((You have a pair of large antennae on your head. (SInv)))


Message History

The orc priest hits you but does no damage.
The orc warrior hits you but does no damage.
You sock the orc priest!
You kill the orc priest!
Okawaru accepts your kill.
Your Shields skill increases to level 5!
You block the orc warrior's attack.
You hit the orc warrior but do no damage.
Your transformation is almost over.
The orc warrior hits you but does no damage.
You barely miss the orc warrior.
The orc warrior hits you but does no damage.
You closely miss the orc warrior. You block the orc warrior's attack.
You hit the orc warrior.
The orc warrior is lightly wounded.
The orc priest calls down the wrath of Beogh upon you.
Beogh smites you!
* * * LOW HITPOINT WARNING * * *
The orc warrior hits you with a trident!
You die...

,,,,,*#.....*###.###+#####+##...#
,,,,,*#.....####.##..###...##....
******#...............#....'.....
,,,,,*#...............#....#.....
,,,,,*................#....##...#
,,,,,*................#....##...#
,,,,,*..........o.....+.....#...#
,,,,,**....##'##o#######...##...#
,,,,,##+#####.##♣##..###...##....
,,,,,+......<)...)....#....##...#
,,,,,#............)...#....######
,,,,,#................#.....# #
*****#.....#..#######......## #
#.########,,*#..####### # #**
*,,.....,* # *,......,* #
*,......,*


You could see an orc warrior and an orc priest.

Vanquished Creatures
  An ogre (D:4)
  A phantom (D:3)
  An orc priest (D:4)
  A centaur skeleton (D:4)
  Jessica (D:2)
  An iguana (D:4)
  A worker ant (D:4)
  A howler monkey skeleton (D:3)
  4 adders
  An adder skeleton (D:4)
  3 worms
  2 leopard geckos
  6 orcs
  3 giant cockroaches
  2 gnoll zombies (D:4)
  5 goblins
  6 hobgoblins
  2 jackals (D:2)
  A ball python (D:1)
  5 bats
  5 frilled lizards
  2 kobolds
  A quokka skeleton (D:4)
  15 rats
71 creatures vanquished.

Notes
Turn   | Place    | Note
-------+----------+-------------------------------------------
     0 | D:1      | kae the Formicid Fighter began the quest for the Orb.
     0 | D:1      | Reached XP level 1. HP: 18/18 MP: 1/1
   350 | D:1      | Reached XP level 2. HP: 21/24 MP: 2/2
   710 | D:1      | Reached XP level 3. HP: 29/29 MP: 3/3
   876 | D:2      | Found a faded altar of an unknown god.
   952 | D:2      | Found a shadowy altar of Dithmenos.
   962 | D:2      | Reached skill level 4 in Shields
  1044 | D:2      | Found an iron altar of Okawaru.
  1058 | D:2      | Became a worshipper of Warmaster Okawaru
  1269 | D:2      | Noticed Jessica
  1272 | D:2      | Killed Jessica
  1272 | D:2      | Reached XP level 4. HP: 37/37 MP: 4/4
  1716 | D:3      | Reached skill level 1 in Invocations
  1851 | D:3      | Reached XP level 5. HP: 42/42 MP: 5/5
  1858 | D:3      | Noticed a phantom
  1887 | D:3      | Killed a phantom
  2225 | D:3      | Reached XP level 6. HP: 44/48 MP: 7/7
  2352 | D:4      | Noticed an ogre
  2361 | D:4      | Killed an ogre
  2460 | D:4      | Found a basalt altar of Yredelemnul.
  2550 | D:4      | Reached * piety under Okawaru
  2737 | D:4      | Reached XP level 7. HP: 45/55 MP: 8/8
  2911 | D:4      | Reached skill level 5 in Shields
  2915 | D:4      | HP: 3/82 [orc priest/divine providence (11)]
  2915 | D:4      | Slain by an orc warrior

Skill      XL: |  1  2  3  4  5  6  7 |
---------------+----------------------+-----
Shields        | 4 5 |  5.0
Maces & Flails | 3 4 |  4.5
Invocations    | 1 2 |  2.5
Fighting       | 4 |  4.6
Armour         | 4 |  4.5

Action                   |  1- 3 |  4- 6 |  7- 9 || total
-------------------------+-------+-------+-------++-------
Melee: Flail             |   105 |   125 |    19 ||   249
       Unarmed           |       |    12 |       ||    12
  Use: Scroll            |       |     8 |       ||     8
       Potion            |       |       |     2 ||     2
  Eat: Chunk             |     1 |     5 |     1 ||     7
Armor: Scale mail        |    40 |    47 |     2 ||    89
       Skin              |       |       |     6 ||     6
Dodge: Dodged            |    32 |    35 |     5 ||    72
Block: Shield            |    46 |    55 |     7 ||   108
